 Dungeon Sprint DCSS version 0.20-a0-1109-ge3cd172 (webtiles) character file.

1192 potatolord5000 the Fighter (level 8, -6/63 HPs)
             Began as a Demonspawn Gladiator on May 5, 2017.
             Mangled by a neqoxec (7 damage)
             ... in the Dungeon (Sprint II: "The Violet Keep of Menkaure").
             The game lasted 00:03:01 (443 turns).

potatolord5000 the Fighter (Demonspawn Gladiator)    Turns: 443, Time: 00:03:01

Health: -6/63      AC:  3    Str: 16      XL:     8   Next: 20%
Magic:  0/7        EV: 18    Int:  7 (9)  God:
Gold:   243        SH:  0    Dex: 16      Spells: 7/7 levels left

rFire    + . .     SeeInvis .   a - +0 quarterstaff
rCold    . . .     Gourm    .   (shield currently unavailable)
rNeg     . . .     Faith    .   b - +0 leather armour
rPois    .         Spirit   +   c - +0 helmet
rElec    .         Reflect  .   (no cloak)
rCorr    .         Harm     .   (no gloves)
MR       .....     NoTele   +   (no boots)
Stlth    +.........             (no amulet)
Regen    0.2/turn               (no ring)
MPRegen  0.1/turn               (no ring)

@: no status effects
A: talons 2, deformed body, fire resistance 1, frail 1, low mp 1, magic shield,
MP-powered wands
a: no special abilities


You were in the Dungeon.
You were not hungry.

You visited 1 branch You collected 243 gold pieces.

Inventory:

Hand Weapons
 a - a +0 quarterstaff (weapon)
Missiles
 d - 2 throwing nets (quivered)
Armour
 b - a +0 leather armour (worn)
 c - a +0 helmet (worn)
Scrolls
 k - a scroll of blinking
Potions
 i - a potion of magic
Comestibles
 f - a bread ration


   Skills:
 + Level 9.2 Fighting
 + Level 8.7 Staves
 + Level 3.6 Throwing
 + Level 8.1 Armour
 + Level 8.7 Dodging


You had 7 spell levels left.
You didn't know any spells.

Dungeon Overview and Level Annotations

Branches:
Dungeon (1/1)

Altars:


Innate Abilities, Weirdness & Mutations

You have razor-sharp toenails.
Your flesh is heat resistant. (rF+)
When hurt, damage is shared between your health and your magic reserves.
Armour fits poorly on your strangely shaped body.
You are frail. (-10% HP)
Your magical capacity is low. (-10% MP)
You expend magic power (3 MP) to strengthen your wands.


Message History

Magic courses through your body. The neqoxec closely misses you.
You hit the neqoxec but do no damage. You claw the neqoxec, but do no damage.
The neqoxec is lightly wounded.
You sock the neqoxec! You claw the neqoxec, but do no damage.
The neqoxec is heavily wounded.
The neqoxec gestures.
You barely miss the neqoxec. Your kick misses the neqoxec.
The neqoxec is heavily wounded.
The neqoxec misses you.
The white imp sputters.
You hit the neqoxec.
The neqoxec is severely wounded.
The ufetubus disappears in a puff of smoke!
The shadow imp gestures at you.
You struggle to resist.
The neqoxec hits you!
* * * LOW HITPOINT WARNING * * *
You miss the neqoxec. You claw the neqoxec, but do no damage.
The neqoxec is severely wounded.
The shadow imp misses you. The neqoxec hits you!
You die...

##+##
##.$.##
#..#..# #
##.#.# ##
#. ##÷#
#.#
#.5##5##.#
#53@<.÷#
#.##.##.#
#. #†# #.#
# #.# ##
#..#..#
##. .## ##
##


You could see a neqoxec, a quasit, a white imp and a shadow imp.

Vanquished Creatures
  2 hippogriffs (D)
  3 neqoxecs (D)
  4 necrophages (D)
  4 worker ants (D)
13 creatures vanquished.

Vanquished Creatures (others)
  A crocodile (D)
1 creature vanquished.

Grand Total: 14 creatures vanquished

Notes
Turn   | Place    | Note
-------+----------+-------------------------------------------
     0 | D        | potatolord5000 the Demonspawn Gladiator began the quest for the Orb.
     0 | D        | Reached XP level 1. HP: 16/16 MP: 1/1
     6 | D        | Noticed a necrophage
     6 | D        | Noticed a necrophage
     6 | D        | Noticed a necrophage
     6 | D        | Noticed a necrophage
    14 | D        | Killed a necrophage
    14 | D        | Reached skill level 4 in Fighting
    14 | D        | Gained mutation: Your flesh is heat resistant. (rF+) [demonic ancestry]
    14 | D        | Reached XP level 2. HP: 26/26 MP: 2/2
    14 | D        | Reached XP level 3. HP: 31/31 MP: 3/3
    14 | D        | Reached XP level 4. HP: 38/38 MP: 4/4
    19 | D        | Killed a necrophage
    19 | D        | Reached skill level 5 in Fighting
    19 | D        | Reached skill level 5 in Staves
    19 | D        | Reached skill level 5 in Dodging
    19 | D        | Gained mutation: When hurt, damage is shared between your health and your magic reserves. [demonic ancestry]
    19 | D        | Reached XP level 5. HP: 46/46 MP: 5/5
    23 | D        | Killed a necrophage
    23 | D        | Reached skill level 6 in Fighting
    23 | D        | Reached skill level 5 in Armour
    23 | D        | Reached XP level 6. HP: 53/53 MP: 4/6
    41 | D        | Reached skill level 7 in Fighting
    50 | D        | Noticed a hippogriff
    50 | D        | Noticed a hippogriff
    65 | D        | Killed a hippogriff
    65 | D        | Gained mutation: You have sharp toenails. [demonic ancestry]
    65 | D        | Reached XP level 7. HP: 56/59 MP: 7/7
    81 | D        | Killed a hippogriff
    81 | D        | Reached skill level 8 in Fighting
   395 | D        | Noticed a neqoxec
   395 | D        | Noticed a neqoxec
   395 | D        | Noticed a neqoxec
   395 | D        | Noticed a neqoxec
   405 | D        | Killed a neqoxec
   410 | D        | Gained mutation: Armour fits poorly on your strangely shaped body. [a neqoxec]
   414 | D        | Gained mutation: You are frail. (-10% HP) [a neqoxec]
   415 | D        | Gained mutation: You expend magic power (3 MP) to strengthen your wands. [a neqoxec]
   424 | D        | Killed a neqoxec
   424 | D        | Reached skill level 9 in Fighting
   424 | D        | Gained mutation: You have razor-sharp toenails. [demonic ancestry]
   424 | D        | Reached XP level 8. HP: 30/63 MP: 3/8
   436 | D        | HP: 1/63 [neqoxec (8)]
   437 | D        | Gained mutation: Your magical capacity is low. (-10% MP) [a neqoxec]
   442 | D        | HP: 1/63 [neqoxec (2)]
   443 | D        | Mangled by a neqoxec

Vault maps used:
D:        the_violet_keep_of_menkaure

Skill      XL: |  1  2  3  4  5  6  7  8 |
---------------+-------------------------+-----
Fighting       | 4 5 6 7 9 |  9.2
Staves         | 4 5 6 7 8 |  8.7
Armour         | 3 4 5 6 7 8 |  8.1
Dodging        | 4 5 6 7 8 |  8.7
Throwing       | 3 |  3.6

Action                   |  1- 3 |  4- 6 |  7- 9 || total
-------------------------+-------+-------+-------++-------
Melee: Quarterstaff      |     6 |    33 |    95 ||   134
       Kick              |       |       |    36 ||    36
Throw: Throwing net      |       |     2 |     1 ||     3
  Use: Potion            |     2 |     1 |     2 ||     5
 Stab: Held in net/web   |       |     2 |       ||     2
Armor: Leather armour    |       |     3 |     9 ||    12
Dodge: Dodged            |     3 |    13 |    81 ||    97
